 Dungeon Crawl Stone Soup version 0.17-a0-1979-g1c74939 (webtiles) character file.

18361 Ijustatesigmund the Basher (level 12, -4/110 HPs)
             Began as a Minotaur Fighter on Oct 4, 2015.
             Was a High Priest of Okawaru.
             Slain by Rupert
             ... wielding a +3 battleaxe of flaming
              (16 damage)
             ... while paralysed
             ... on level 12 of the Dungeon on Oct 5, 2015.
             The game lasted 00:39:41 (13291 turns).

Ijustatesigmund the Basher (Minotaur Fighter)      Turns: 13291, Time: 00:39:41

Health: -4/110     AC: 16    Str: 20    XL:     12   Next: 27%
Magic:  25/25      EV:  2    Int:  5    God:    Okawaru [*****.]
Gold:   463        SH:  0    Dex: 20    Spells: 0 memorised, 11 levels left

rFire  . . .     SeeInvis .     M - +4 flail (venom)
rCold  . . .     Clarity  .     k - +0 chain mail
rNeg   . . .     SustAt   .     c - +0 shield
rPois  .         Gourm    .     (helmet restricted)
rElec  +         Spirit   .     y - +0 cloak {MR+}
rCorr  .         Warding  .     f - +0 pair of gloves
rMut   .         Stasis   .     h - +0 pair of boots
MR     ++...                    (no amulet)
Stlth  ..........               x - ring of protection from magic
                                G - ring "Subaeng" {rElec MP+9 Dex+2}

@: paralysed, exhausted, slowed, very resistant to hostile enchantments,
extremely unstealthy
A: retaliatory headbutt, horns 2, agile 1, breathe flames 1
a: Heroism, Finesse, Renounce Religion, Breathe Fire


You were on level 12 of the Dungeon.
You worshipped Okawaru.
Okawaru was extremely pleased with you.
You were not hungry.

You visited 2 branches of the dungeon, and saw 13 of its levels.

You collected 875 gold pieces.
You spent 412 gold pieces at shops.

Inventory:

Hand Weapons
 a - a +1 flail
 M - a +4 flail of venom (weapon)
Missiles
 z - 8 tomahawks
 I - 2 tomahawks of dispersal
 N - a steel tomahawk (quivered)
Armour
 c - a +0 shield (worn)
 f - a +0 pair of gloves (worn)
 h - a +0 pair of boots (worn)
 k - a +0 chain mail (worn)
 m - a +0 chain mail
 y - a +0 cloak of magic resistance (worn)
Jewellery
 e - an uncursed ring of flight
 w - an uncursed ring of sustain attributes
 x - a ring of protection from magic (right hand)
 G - the ring "Subaeng" (left hand) {rElec MP+9 Dex+2}
   (You bought it in a shop on level 10 of the Dungeon)

   [ring of magical power]

   It affects your dexterity (+2).
   It insulates you from electricity.
   It affects your magic capacity (+9).
Wands
 d - a wand of confusion (27)
 p - a wand of disintegration (8)
 u - a wand of confusion (35)
 v - a wand of draining (6)
 B - a wand of draining (9)
 D - a wand of paralysis (17)
 H - a wand of teleportation (7)
 K - a wand of digging (11)
Scrolls
 b - 2 scrolls of blinking
 g - 4 scrolls of magic mapping
 i - a scroll of identify
 j - 6 scrolls of remove curse
 q - 3 scrolls of enchant weapon
 r - a scroll of fog
 t - 2 scrolls of recharging
Potions
 l - 4 potions of curing
 n - a potion of ambrosia
 o - 2 potions of brilliance
 E - a potion of lignification
 F - 2 potions of cure mutation
 O - a potion of flight
Books
 C - a Young Poisoner's Handbook

   Spells                             Type                      Level
   a - Sting                          Conjuration/Poison           1
   b - Cure Poison                    Poison                       2
   c - Mephitic Cloud                 Conjuration/Poison/Air       3
   d - Olgreb's Toxic Radiance        Poison                       4
   e - Venom Bolt                     Conjuration/Poison           5
Comestibles
 A - a beef jerky
 J - a meat ration


   Skills:
 + Level 11.3 Fighting
 * Level 11.9 Maces & Flails
 - Level 4.0 Throwing
 - Level 10.8 Armour
 - Level 8.2 Dodging
 - Level 8.2 Shields
 + Level 7.2 Invocations


You had 11 spell levels left.
You didn't know any spells.

Dungeon Overview and Level Annotations

Branches:
Dungeon (12/15)            Temple (1/1) D:7            Lair (0/8) D:9
    Orc (0/4) D:9

Altars:
Ashenzari
Cheibriados
Dithmenos
Elyvilon
Fedhas
Gozag
Kikubaaqudgha
Makhleb
Nemelex Xobeh
Okawaru
Qazlal
Ru
Sif Muna
Trog
Vehumet
Xom
Yredelemnul
Zin
The Shining One

Shops:
D:4 *   D:10 =

Annotations:
D:12 Rupert, Sonja


Innate Abilities, Weirdness & Mutations

You reflexively headbutt those who attack you in melee.
You have a pair of horns on your head.
You are agile. (Dex +2)
You can breathe flames.


Message History

You block Rupert's attack.
You sock Rupert!
Rupert is moderately wounded.
Rupert closely misses you. You furiously retaliate!
You headbutt Rupert! You closely miss Rupert. You headbutt Rupert!
Rupert is heavily wounded.
You completely miss Rupert.
Rupert is heavily wounded.
Rupert hits you with a battleaxe of flaming!!
* * * LOW HITPOINT WARNING * * *
Rupert burns you!
* * * LOW HITPOINT WARNING * * *
Rupert rages.
You see here a short sword.
You feel a strong urge to attack something.
You are no longer berserk.
You pass out from exhaustion.
You feel yourself slow down.
Rupert hits you with a battleaxe of flaming!
You die...

#.# #.#((####..#.......#
#
#.###(#()####..#.......#
#
#.>.........#.?#.......#
#
#..#####.##............#
#
#..##...).#...##.......#
#
#..##.....#...##.......#
#
##.##.......)..........#
#
#.##.......@....(..##.#
#
#........#.@###.#####.#
# ##########..# #.# #.#
# #..# #.# #.# # #.|.
#.#####.######
...................
##.#.##.#####.#.#.##
#..## .# #..###.# # #.
#.## ##. ## ##.###.#


You could see Rupert (berserk).

Vanquished Creatures
  Josephine (D:12)
  Erolcha (D:11)
  4 skeletal warriors (D:10)
  An unseen horror (D:12)
  2 hill giants
  2 ugly things
  2 centaur zombies
  The ghost of Conn321 the Archer, a novice CeHu of Okawaru (D:5)
  A komodo dragon (D:9)
  A queen bee (D:8)
  2 trolls
  3 slime creatures
  A two-headed ogre (D:8)
  6 yaks
  3 hippogriffs
  4 wraiths (D:12)
  3 hungry ghosts
  3 vampire mosquitoes (D:12)
  A water moccasin (D:11)
  3 orc warriors
  7 sky beasts
  An eye of draining (D:11)
  2 black bears
  2 ice beasts
  2 necrophages
  3 phantoms
  A centaur (D:10)
  3 ogres
  A crocodile (D:9)
  4 big kobolds
  5 giant frogs
  A wyvern skeleton (D:11)
  9 scorpions
  A troll zombie (D:9)
  5 wights (D:8)
  An electric eel (D:11)
  21 killer bees
  A quasit (D:11)
  6 crimson imps
  2 centaur skeletons
  A giant frog zombie (D:10)
  3 jellies
  6 orc wizards
  Crazy Yiuf (D:5)
  5 orc priests
  4 giant frog skeletons
  4 hounds
  8 worker ants
  4 iguanas
  5 ogre zombies (D:9)
  2 hound zombies
  A worker ant zombie (D:10)
  4 shadow imps
  17 adders
  An ooze (D:2)
  3 worms
  5 adder skeletons
  3 giant geckos
  24 orcs
  A ball python (D:1)
  9 bats
  6 giant cockroaches
  5 goblins
  10 hobgoblins
  13 jackals
  21 kobolds
  A giant gecko skeleton (D:7)
  6 giant newts
  3 goblin skeletons (D:9)
  A goblin zombie (D:9)
  2 hobgoblin skeletons (D:9)
  2 hobgoblin zombies (D:9)
  2 orc skeletons (D:9)
  9 orc zombies (D:9)
  6 quokkas
  2 quokka skeletons
  13 rats
  2 plants (D:8)
338 creatures vanquished.

Vanquished Creatures (others)
  The ghost of ardent99 the Nimble, a journeyman HuFE of Vehumet (D:11)
  2 orcs (D:11)
  3 fungi (D:5)
  9 plants
15 creatures vanquished.

Grand Total: 353 creatures vanquished

Notes
Turn   | Place    | Note
--------------------------------------------------------------
     0 | D:1      | Ijustatesigmund the Minotaur Fighter began the quest for the Orb.
     0 | D:1      | Reached XP level 1. HP: 19/19 MP: 0/0
   219 | D:1      | Reached XP level 2. HP: 27/27 MP: 1/1
  1411 | D:2      | Gained mutation: You are agile. (Dex +2) [potion of beneficial mutation]
  1412 | D:2      | Gained mutation: You can breathe flames. [potion of beneficial mutation]
  1442 | D:2      | Reached skill level 4 in Fighting
  1520 | D:2      | Reached XP level 3. HP: 30/33 MP: 2/2
  1901 | D:2      | Reached XP level 4. HP: 36/41 MP: 3/3
  2499 | D:3      | Reached skill level 5 in Maces & Flails
  2510 | D:3      | Found a blossoming altar of Fedhas.
  2512 | D:3      | Found a shattered altar of Ashenzari.
  2514 | D:3      | Found a deep blue altar of Sif Muna.
  2698 | D:3      | Found a sacrificial altar of Ru.
  3002 | D:4      | Found Liagrabb's General Store.
  3011 | D:4      | Bought a potion of curing for 30 gold pieces
  3031 | D:4      | Reached skill level 5 in Fighting
  3031 | D:4      | Reached XP level 5. HP: 46/48 MP: 4/4
  3066 | D:4      | Reached skill level 6 in Maces & Flails
  3223 | D:4      | Reached XP level 6. HP: 51/56 MP: 5/5
  3595 | D:5      | Entered Level 5 of the Dungeon
  3675 | D:5      | Reached skill level 7 in Maces & Flails
  3702 | D:5      | Reached XP level 7. HP: 61/63 MP: 6/6
  3798 | D:5      | Noticed Conn321's ghost (novice CeHu)
  3815 | D:5      | Killed Conn321's ghost
  3815 | D:5      | Reached skill level 5 in Armour
  3966 | D:5      | Noticed Crazy Yiuf
  3972 | D:5      | Killed Crazy Yiuf
  4065 | D:5      | Reached skill level 8 in Maces & Flails
  4073 | D:5      | Reached XP level 8. HP: 49/73 MP: 7/7
  4257 | D:5      | Upgraded the game from 0.17-a0-1970-g7a13dd1 to 0.17-a0-1972-g3149b6f
  4848 | D:6      | Found an opulent altar of Gozag.
  5385 | D:7      | Reached skill level 9 in Maces & Flails
  6014 | D:7      | Reached XP level 9. HP: 49/82 MP: 8/8
  6103 | D:7      | Found a staircase to the Ecumenical Temple.
  6140 | Temple   | Entered the Ecumenical Temple
  6149 | Temple   | Became a worshipper of Warmaster Okawaru
  6750 | D:8      | Reached skill level 10 in Maces & Flails
  6780 | D:8      | Reached skill level 1 in Invocations
  6874 | D:8      | Upgraded the game from 0.17-a0-1972-g3149b6f to 0.17-a0-1979-g1c74939
  7087 | D:8      | Acquired Okawaru's first power
  7938 | D:8      | Reached skill level 10 in Fighting
  8247 | D:8      | Reached XP level 10. HP: 73/93 MP: 9/11
  8427 | D:9      | Reached skill level 11 in Maces & Flails
  8457 | D:9      | Reached skill level 1 in Throwing
  8812 | D:9      | Found a staircase to the Orcish Mines.
  9201 | D:9      | Found a staircase to the Lair.
  9523 | D:10     | Entered Level 10 of the Dungeon
  9549 | D:10     | Found Nuetuam's Jewellery Emporium.
  9561 | D:10     | Bought the ring "Subaeng" {rElec MP+9 Dex+2} for 382 gold pieces
  9595 | D:10     | Noticed a hill giant
  9601 | D:10     | Killed a hill giant
  9650 | D:10     | Reached skill level 5 in Invocations
  9669 | D:10     | Received a gift from Okawaru
 10007 | D:10     | Reached XP level 11. HP: 102/102 MP: 14/14
 10031 | D:10     | Reached skill level 1 in Dodging
 10284 | D:11     | Noticed ardent99's ghost (journeyman HuFE)
 10430 | D:11     | Paralysed by ardent99's ghost for 7 turns
 10442 | D:11     | Killed ardent99's ghost
 10442 | D:11     | Reached skill level 5 in Shields
 11079 | D:11     | Noticed a hill giant
 11097 | D:11     | Killed a hill giant
 11119 | D:11     | Noticed a skeletal warrior
 11122 | D:11     | Noticed a skeletal warrior
 11124 | D:11     | Noticed a skeletal warrior
 11127 | D:11     | Noticed a skeletal warrior
 11146 | D:10     | Killed a skeletal warrior
 11146 | D:10     | Reached skill level 5 in Dodging
 11410 | D:10     | Killed a skeletal warrior
 11610 | D:10     | Killed a skeletal warrior
 11610 | D:10     | Acquired Okawaru's second power
 11626 | D:10     | Killed a skeletal warrior
 11982 | D:11     | Noticed Erolcha
 11992 | D:11     | Killed Erolcha
 11992 | D:11     | Received a gift from Okawaru
 12027 | D:11     | Reached skill level 10 in Armour
 12155 | D:12     | Killed an unseen horror
 12222 | D:12     | Received a gift from Okawaru
 12247 | D:12     | Reached XP level 12. HP: 23/110 MP: 15/15
 12762 | D:12     | Noticed Rupert
 12768 | D:12     | Noticed Josephine
 13088 | D:12     | Noticed Sonja
 13209 | D:12     | Killed Josephine
 13291 | D:12     | Slain by Rupert

Vault maps used:
D:1:      dpeg_arrival_triangle_fractal
D:2:      first_bread
D:3:      grunt_temple_overflow_open, nicolae_ru_the_path_less_chosen
D:4:      serial_shops, nicolae_shop_stone, roderic_filled_cross, minivault_4,
          minmay_misc_feat_room
D:5:      old_forge, uniq_crazy_yiuf_cottage
D:6:      nicolae_gozag_seed_capital
D:7:      minmay_temple_entry_junction
D:8:      wad_woods_minihive
D:9:      david_lair_shrubbed, zombieorc1_lemuel
D:10:     serial_shops, nicolae_shop_trees
D:11:     uniq_erolcha
D:12:     uniq_josephine, uniq_rupert, uniq_sonja
Temple:   lightli_temple_of_artemis

Action                   |  1- 3 |  4- 6 |  7- 9 | 10-12 || total
-------------------------+-------+-------+-------+-------++-------
Melee: Flail             |    83 |   144 |   410 |   666 ||  1303
Throw: Tomahawk          |     1 |     4 |       |    10 ||    15
Invok: Heroism           |       |       |     1 |     7 ||     8
       Finesse           |       |       |       |     2 ||     2
 Abil: Breathe Fire      |     3 |     7 |     2 |     4 ||    16
Evoke: Wand              |       |       |     1 |     3 ||     4
  Use: Scroll            |     9 |     5 |     5 |     8 ||    27
       Potion            |     2 |     1 |     4 |     6 ||    13
 Stab: Distracted        |       |       |     1 |       ||     1
       Invisible         |       |       |       |     4 ||     4
  Eat: Beef jerky        |     1 |       |     1 |       ||     2
       Chunk             |     2 |     6 |     3 |    14 ||    25
       Pizza             |       |     1 |       |       ||     1
       Meat ration       |       |       |     2 |       ||     2
       Bread ration      |       |       |     1 |     3 ||     4
       Fruit             |       |       |       |     4 ||     4
